 Dungeon Crawl Stone Soup version 0.27.1-34-g3ba077fa99 (webtiles) character file.

Game seed: 5264829349711936082

1 cbfl8 the Sneak (level 1, -3/19 HPs)
             Began as a Minotaur Delver on Jan 14, 2022.
             Slain by a necrophage (4 damage)
             ... on level 4 of the Dungeon.
             The game lasted 00:02:17 (503 turns).

cbfl8 the Sneak (Minotaur Delver)                    Turns: 503, Time: 00:02:18

Health: -3/19      AC:  3    Str: 16    XL:     1   Next: 16%
Magic:  0/0        EV: 11    Int:  7    God:
Gold:   0          SH:  0    Dex: 11    Spells: 0/0 levels left

rFire    . . .     SeeInvis .   a - +0 hand axe
rCold    . . .     Faith    .   (no shield)
rNeg     . . .     Spirit   .   b - +0 leather armour
rPois    .         Reflect  .   (helmet restricted)
rElec    .         Harm     .   (no cloak)
rCorr    .         Rampage  .   (no gloves)
Will     .....                  (no boots)
Stlth    ++........             (no amulet)
HPRegen  0.06/turn              (no ring)
MPRegen  0.07/turn              (no ring)

@: no status effects
A: horns 2, retaliatory headbutt
a: no special abilities


You were on level 4 of the Dungeon.
You visited 2 branches of the dungeon, and saw 3 of its levels.

Inventory:

Hand Weapons
 a - a +0 hand axe (weapon)
 h - a +0 quarterstaff
 i - a +0 spear
 j - a +0 long sword
Armour
 b - a +0 leather armour (worn)
Wands
 g - a wand of digging (3)
Scrolls
 c - a scroll of fog
 d - 2 scrolls of magic mapping
 e - a scroll of fear
Potions
 f - a potion of haste


   Skills:
 + Level 3.6 Fighting
 + Level 2.4 Axes
 + Level 2.1 Dodging
 + Level 4.1 Stealth


You couldn't memorise any spells.
You didn't know any spells.
Your spell library was empty.

Dungeon Overview and Level Annotations

Branches:
Dungeon (5/15)             Temple (1/1) D:5

Altars:
Ashenzari
Dithmenos
Elyvilon
Gozag
Kikubaaqudgha
Okawaru
Ru
Zin
The Shining One


Innate Abilities, Weirdness & Mutations

You have a pair of horns on your head.
You reflexively headbutt those who attack you in melee.


Message History

Done waiting.
You start waiting.
A black bear comes into view.
There is a stone staircase leading down here.
Found a long sword.
You see here a +0 long sword.
j - a +0 long sword
Found 8 gold pieces.
d - 2 scrolls of magic mapping (gained 1)
A necrophage comes into view.
You see here 8 gold pieces.
You see here 8 gold pieces.
The necrophage hits you.
You hit the necrophage but do no damage.
Your headbutt misses the necrophage. The necrophage closely misses you.
You furiously retaliate!
You headbutt the necrophage. You slash the necrophage!
You headbutt the necrophage.
The necrophage is heavily damaged.
The necrophage barely misses you.
You closely miss the necrophage.
The necrophage is heavily damaged.
The necrophage hits you.
You hit the necrophage.
The necrophage is severely damaged.
The necrophage hits you.
You closely miss the necrophage.
The necrophage is severely damaged.
The necrophage barely misses you.
The necrophage hits you but does no damage.
You closely miss the necrophage.
The necrophage is severely damaged.
The necrophage closely misses you.
You hit the necrophage but do no damage.
The necrophage is severely damaged.
The necrophage hits you!
* * * LOW HITPOINT WARNING * * *
You hit the necrophage.
The necrophage is severely damaged.
The necrophage hits you.
You die...

.... .... ... ###n##
....# . #..#
....########..##########
........$@n............#
.....########..........#
... #..........# .
#..........#
###....##### #####.#.###
.........># #####..##.#
#.. #.#


You could see a necrophage.

Vanquished Creatures
  A hobgoblin (D:4)
1 creature vanquished.

Notes
Turn   | Place    | Note
-------+----------+-------------------------------------------
     0 | D:5      | cbfl8 the Minotaur Delver began the quest for the Orb.
     0 | D:5      | Reached XP level 1. HP: 19/19 MP: 0/0
    89 | D:5      | Found a staircase to the Ecumenical Temple.
    95 | Temple   | Entered the Ecumenical Temple
   467 | D:4      | Noticed a black bear
   486 | D:4      | Noticed a necrophage
   503 | D:4      | Slain by a necrophage

Illustrated notes

Levels and vault maps discovered:
D:4:      layout_basic, nicolae_uskayaw_en_pointe, feat_on_display
D:5:      layout_basic, lemuel_tele_altar, lemuel_crystal_altar,
          minmay_temple_entry_hall, minmay_a_box_with_orc_wizards_in_it
Temple:   nicolae_temple_figure_zero

Action                   || total
-------------------------++-------
Melee: Hand axe          ||    10
       Headbutt          ||     1
Armor: Leather armour    ||     2
Dodge: Dodged            ||     5
